WCHLSIM.com - West Coast Hockey League
html PUBLIC "-//W3C//DTD XHTML 1.0 Transitional//EN" "http://www.w3.org/TR/xhtml1/DTD/xhtml1-transitional.dtd"> WCHL - Game 45 - VICTORIA GLADIATORS vs COLORADO GLACIERCATS

VICTORIA GLADIATORS vs COLORADO GLACIERCATS

Created - 18 octobre 2022 at 21:32

Goals
1 2 3 T
VICTORIA GLADIATORS 0 0 1 1
COLORADO GLACIERCATS 2 2 1 5
Shots
1 2 3 T
VICTORIA GLADIATORS 5 9 5 19
COLORADO GLACIERCATS 13 4 4 21

1st period

1. COLORADO GLACIERCATS , Leon Draisaitl 2 (Tomas Hertl 2, Sam Reinhart 3) at 7:45
2. COLORADO GLACIERCATS , Devon Toews 1 (Sam Reinhart 4, Leon Draisaitl 2) at 8:52 (PP)

Penalties :
Johan Larsson (VIC) for Slashing (Minor) at 4:20, Justin Holl (VIC) for Interference (Minor) at 8:42

2nd period

3. COLORADO GLACIERCATS , Tage Thompson 1 (Kevin Hayes 1, Kristopher Letang 3) at 0:46 (SH)
4. COLORADO GLACIERCATS , Sam Reinhart 2 (Mario Ferraro 1) at 10:26 (PP)

Penalties :
Leon Draisaitl (COL) for Tripping (Minor) at 0:05, Calvin De Haan (VIC) for Roughing (Minor) at 9:21

3rd period

5. VICTORIA GLADIATORS , Connor Brown 2 (Anze Kopitar 1, Kyle Connor 1) at 1:34
6. COLORADO GLACIERCATS , Devon Toews 2 (Kristopher Letang 4, Sam Reinhart 5) at 9:25 (PP)

Penalties :
Jamie Benn (COL) for Hooking (Minor) at 4:05, Justin Holl (VIC) for High sticking (Minor) at 9:02

Goalie Stats

Charlie Lindgren (VIC), 3 saves from 4 shots - (0,750), 29:34 minutes
Mike Smith (VIC), 13 saves from 17 shots - (0,765), L, 1-2-0, 30:26 minutes
Marc-Andre Fleury (COL), 18 saves from 19 shots - (0,947), W, 2-1-0, 60:00 minutes

Players Stats for VICTORIA GLADIATORS

Player Name              G  A  P  +/- PIM S  H  SB GA TA FO     MP     PP MP  PK MP  
------------------------------------------------------------------------------------
Adam Lowry               0  0  0   0  0   1  2  0  0  0  5/12   14:37   0:47   2:17 
Alex Newhook             0  0  0   0  0   0  0  0  0  0  0/1    13:57   1:50   0:34 
Anton Stralman           0  0  0   0  0   0  0  1  0  0  0/0    19:00   0:47   0:00 
Anze Kopitar             0  1  1   0  0   2  2  1  0  0  9/15   18:49   1:21   0:00 
Barclay Goodrow          0  0  0  -1  0   1  2  0  0  0  8/14   18:21   1:50   0:00 
Calvin De Haan           0  0  0   0  2   0  1  1  0  0  0/0    20:47   0:46   1:24 
Colton Parayko           0  0  0  -1  0   0  1  0  0  0  0/0    21:24   2:25   0:30 
Connor Brown             1  0  1   0  0   1  1  0  0  0  0/1    18:49   1:21   0:00 
Jamie Drysdale           0  0  0   0  0   0  0  0  0  0  0/0    17:17   0:00   1:43 
Johan Larsson            0  0  0  -1  2   3  1  0  0  0  0/1    17:54   0:47   0:53 
Justin Holl              0  0  0   0  4   0  1  1  0  0  0/0    21:16   0:46   1:54 
Kasperi Kapanen          0  0  0   0  0   1  1  0  0  0  0/0    13:23   1:50   0:00 
Kevin Rooney             0  0  0   0  0   0  1  1  0  0  3/14    8:29   0:00   1:20 
Kyle Connor              0  1  1   0  0   5  0  0  0  0  0/0    18:49   1:21   0:00 
Nils Hoglander           0  0  0   0  0   1  1  0  0  0  0/0     9:00   0:47   1:20 
Patrik Nemeth            0  0  0   0  0   0  2  4  0  0  0/0    17:48   0:47   1:43 
Tyler Toffoli            0  0  0  -2  0   3  0  0  0  0  0/0    18:40   2:25   0:00 
Victor Rask              0  0  0   0  0   1  0  0  0  0  1/1     7:59   0:00   0:50 

Players Stats for COLORADO GLACIERCATS

Player Name              G  A  P  +/- PIM S  H  SB GA TA FO     MP     PP MP  PK MP  
------------------------------------------------------------------------------------
Alex Iafallo             0  0  0  -1  0   1  1  0  0  0  1/2    17:22   0:00   1:41 
Blake Wheeler            0  0  0  -1  0   1  4  0  0  0  0/1    17:13   1:32   0:00 
Brayden Schenn           0  0  0  -1  0   2  3  0  0  0  9/16   18:54   1:32   1:41 
Devon Toews              2  0  2   0  0   4  3  2  0  0  0/0    22:16   2:19   1:41 
Ilya Lyubushkin          0  0  0   0  0   0  0  0  0  0  0/0    17:00   0:00   0:00 
Jamie Benn               0  0  0   0  2   1  0  0  0  0  0/0    12:40   0:00   0:00 
Kevin Hayes              0  1  1   1  0   0  0  0  0  0  5/11   14:58   0:00   2:17 
Kristopher Letang        0  2  2   1  0   0  1  1  0  0  0/0    21:43   2:19   1:30 
Leon Draisaitl           1  1  2   1  2   4  2  0  0  0  0/0    18:47   2:05   0:00 
Luke Schenn              0  0  0   0  0   0  2  1  0  0  0/0    17:47   0:00   0:47 
Mario Ferraro            0  1  1   1  0   2  0  2  0  0  0/0    21:06   1:18   2:17 
Matthew Highmore         0  0  0   0  0   0  0  0  0  0  1/1     7:20   0:00   0:00 
Ross Johnston            0  0  0   0  0   0  0  0  0  0  0/0     7:20   0:00   0:00 
Sam Reinhart             1  3  4   1  0   3  1  0  0  0  0/0    18:48   2:05   0:00 
Tage Thompson            1  0  1   1  0   1  0  0  0  0  1/1    16:30   1:32   2:17 
Tomas Hertl              0  1  1   1  0   2  1  0  0  0  14/22  18:48   2:05   0:00 
Tyson Jost               0  0  0   0  0   0  0  0  0  0  2/5     7:20   0:00   0:00 
Vladislav Gavrikov       0  0  0   0  0   0  0  2  0  0  0/0    20:08   1:18   1:41 

3 Stars

1 - Sam Reinhart (COL)
2 - Devon Toews (COL)
3 - Leon Draisaitl (COL)

Power Play

VICTORIA GLADIATORS - 0 on 2 Attempt(s) - 0,00%
COLORADO GLACIERCATS - 3 on 4 Attempt(s) - 75,00%

Penalty Kill

VICTORIA GLADIATORS - 1 on 4 Attempt(s) - 25,00% - Score 0 goal in Penalty Kill
COLORADO GLACIERCATS - 2 on 2 Attempt(s) - 100,00% - Score 1 goal in Penalty Kill

Team Stat

VICTORIA GLADIATORS - Hits : 16 - Faceoff Wins : 26 - Blocked Shots : 9 - Penalty Minutes : 8
COLORADO GLACIERCATS - Hits : 18 - Faceoff Wins : 33 - Blocked Shots : 8 - Penalty Minutes : 4

Official

Referees : Ian Walsh and Brett Roeland
Linesman : Kory Nagy and Luke Murray

Game Notes

Charlie Lindgren enters game at 10:26 of 2nd period

Finance

Level 1 -- Attendance: 7662 (88,07%) -- Ticket Income 1 057 356 $
Level 2 -- Attendance: 5187 (86,45%) -- Ticket Income 591 318 $
Level 3 -- Attendance: 2912 (97,07%) -- Ticket Income 247 520 $
Level 4 -- Attendance: 4943 (98,86%) -- Ticket Income 321 295 $
Luxury Box -- Attendance: 998 (62,38%) -- Ticket Income 304 390 $
Game was played at the GC Place.
Total Attendance: 21702 (89,31%)
Total Ticket Income: 2 521 879 $
Other Expense: 25 219 $
Total Income: 2 496 660 $

VICTORIA GLADIATORS

5 vs 5 Forward 
   Center                   Left Wing                Right Wing               Time % Phy DF OF 
 1 Anze Kopitar             Kyle Connor              Connor Brown             36     0   2  3  
 2 Barclay Goodrow          Johan Larsson            Tyler Toffoli            33     1   2  2  
 3 Adam Lowry               Alex Newhook             Kasperi Kapanen          24     1   2  2  
 4 Kevin Rooney             Victor Rask              Nils Hoglander           7      0   3  2  

5 vs 5 Defense 
   Defense                  Defense                                           Time % Phy DF OF 
 1 Colton Parayko           Anton Stralman                                    40     0   3  2  
 2 Justin Holl              Calvin De Haan                                    35     0   3  2  
 3 Patrik Nemeth            Jamie Drysdale                                    25     1   2  2  
 4 Patrik Nemeth            Calvin De Haan                                    0      1   2  2  

PowerPlay Forward 
   Center                   Left Wing                Right Wing               Time % Phy DF OF 
 1 Anze Kopitar             Kyle Connor              Connor Brown             60     0   1  4  
 2 Barclay Goodrow          Alex Newhook             Kasperi Kapanen          40     0   1  4  

PowerPlay Defense
   Defense                  Defense                                           Time % Phy DF OF 
 1 Colton Parayko           Tyler Toffoli                                     60     0   1  4  
 2 Justin Holl              Calvin De Haan                                    40     0   1  4  

Penalty Kill 4 Players Forward 
   Center                   Wing                     Time % Phy DF OF 
 1 Adam Lowry               Johan Larsson            55     0   4  1  
 2 Kevin Rooney             Nils Hoglander           45     0   4  1  

Penalty Kill 4 Players Defense
   Defense                  Defense                  Time % Phy DF OF 
 1 Justin Holl              Calvin De Haan           55     0   4  1  
 2 Patrik Nemeth            Jamie Drysdale           45     0   4  1  

Penalty Kill - 3 Players Forward 
   Forward                                           Time % Phy DF OF 
 1 Adam Lowry                                        55     1   2  2  
 2 Johan Larsson                                     45     1   2  2  

Penalty Kill - 3 Players Defense
   Defense                  Defense                  Time % Phy DF OF 
 1 Patrik Nemeth            Jamie Drysdale           55     1   2  2  
 2 Colton Parayko           Anton Stralman           45     1   2  2  

4 vs 4 Forward 
   Center                   Wing                     Time % Phy DF OF 
 1 Anze Kopitar             Kyle Connor              52     1   2  2  
 2 Barclay Goodrow          Tyler Toffoli            48     1   2  2  

4 vs 4 Defense
   Defense                  Defense                  Time % Phy DF OF 
 1 Patrik Nemeth            Jamie Drysdale           52     1   2  2  
 2 Colton Parayko           Anton Stralman           48     1   2  2  

Last Minutes Offensive
   Center                   Left Wing                Right Wing               Defense                  Defense                  
   Anze Kopitar             Kyle Connor              Connor Brown             Colton Parayko           Anton Stralman           

Last Minutes Defensive
   Center                   Left Wing                Right Wing               Defense                  Defense                  
   Adam Lowry               Johan Larsson            Nils Hoglander           Justin Holl              Calvin De Haan           

Goaltenders
Starting : Mike Smith               
Backup : Charlie Lindgren         

Extra Forwards
Normal : Connor Brown, Barclay Goodrow, Alex Newhook - PP : Adam Lowry, Johan Larsson - PK : Victor Rask
Extra Defensemen
Normal : Calvin De Haan, Jamie Drysdale, Justin Holl - PP : Patrik Nemeth - PK : Jamie Drysdale, Justin Holl
Penalty Shots
Anze Kopitar, Kyle Connor, Tyler Toffoli, Connor Brown, Barclay Goodrow
Custom OT Lines Forwards
Anze Kopitar, Kyle Connor, Tyler Toffoli, Connor Brown, Barclay Goodrow, Johan Larsson, Adam Lowry, Kasperi Kapanen, Victor Rask, Kevin Rooney
Custom OT Lines Defensemen
Colton Parayko, Anton Stralman, Justin Holl, Calvin De Haan, Patrik Nemeth

Scratches
None

COLORADO GLACIERCATS

5 vs 5 Forward 
   Center                   Left Wing                Right Wing               Time % Phy DF OF 
 1 Tomas Hertl              Leon Draisaitl           Sam Reinhart             34     0   1  4  
 2 Brayden Schenn           Alex Iafallo             Blake Wheeler            33     0   1  4  
 3 Kevin Hayes              Jamie Benn               Tage Thompson            28     1   1  3  
 4 Tyson Jost               Ross Johnston            Matthew Highmore         5      1   2  2  

5 vs 5 Defense 
   Defense                  Defense                                           Time % Phy DF OF 
 1 Devon Toews              Mario Ferraro                                     34     0   2  3  
 2 Kristopher Letang        Vladislav Gavrikov                                34     0   2  3  
 3 Ilya Lyubushkin          Luke Schenn                                       29     0   3  2  
 4 Devon Toews              Kristopher Letang                                 3      0   2  3  

PowerPlay Forward 
   Center                   Left Wing                Right Wing               Time % Phy DF OF 
 1 Tomas Hertl              Leon Draisaitl           Sam Reinhart             55     0   1  4  
 2 Brayden Schenn           Tage Thompson            Blake Wheeler            45     1   1  3  

PowerPlay Defense
   Defense                  Defense                                           Time % Phy DF OF 
 1 Kristopher Letang        Devon Toews                                       60     0   1  4  
 2 Mario Ferraro            Vladislav Gavrikov                                40     0   2  3  

Penalty Kill 4 Players Forward 
   Center                   Wing                     Time % Phy DF OF 
 1 Brayden Schenn           Alex Iafallo             50     0   4  1  
 2 Kevin Hayes              Tage Thompson            50     0   4  1  

Penalty Kill 4 Players Defense
   Defense                  Defense                  Time % Phy DF OF 
 1 Devon Toews              Vladislav Gavrikov       50     1   4  0  
 2 Kristopher Letang        Mario Ferraro            50     1   4  0  

Penalty Kill - 3 Players Forward 
   Forward                                           Time % Phy DF OF 
 1 Leon Draisaitl                                    50     0   5  0  
 2 Tyson Jost                                        50     0   5  0  

Penalty Kill - 3 Players Defense
   Defense                  Defense                  Time % Phy DF OF 
 1 Devon Toews              Mario Ferraro            50     0   5  0  
 2 Kristopher Letang        Vladislav Gavrikov       50     0   5  0  

4 vs 4 Forward 
   Center                   Wing                     Time % Phy DF OF 
 1 Tomas Hertl              Tage Thompson            50     0   1  4  
 2 Leon Draisaitl           Sam Reinhart             50     0   1  4  

4 vs 4 Defense
   Defense                  Defense                  Time % Phy DF OF 
 1 Kristopher Letang        Mario Ferraro            45     0   3  2  
 2 Devon Toews              Vladislav Gavrikov       55     0   3  2  

Last Minutes Offensive
   Center                   Left Wing                Right Wing               Defense                  Defense                  
   Tomas Hertl              Leon Draisaitl           Sam Reinhart             Kristopher Letang        Devon Toews              

Last Minutes Defensive
   Center                   Left Wing                Right Wing               Defense                  Defense                  
   Leon Draisaitl           Alex Iafallo             Sam Reinhart             Mario Ferraro            Devon Toews              

Goaltenders
Starting : Marc-Andre Fleury        
Backup : Kaapo Kahkonen           

Extra Forwards
Normal : Tage Thompson, Jamie Benn, Leon Draisaitl - PP : Jamie Benn, Alex Iafallo - PK : Tyson Jost
Extra Defensemen
Normal : Luke Schenn, Ilya Lyubushkin, Vladislav Gavrikov - PP : Kristopher Letang - PK : Luke Schenn, Ilya Lyubushkin
Penalty Shots
Leon Draisaitl, Sam Reinhart, Blake Wheeler, Brayden Schenn, Tage Thompson
Custom OT Lines Forwards
Leon Draisaitl, Sam Reinhart, Tomas Hertl, Blake Wheeler, Brayden Schenn, Tage Thompson, Alex Iafallo, Jamie Benn, Kevin Hayes, Tyson Jost
Custom OT Lines Defensemen
Kristopher Letang, Devon Toews, Mario Ferraro, Vladislav Gavrikov, Luke Schenn

Scratches
None


% Time on Ice - VICTORIA GLADIATORS

Lines # - Real PCT - Wanted PCT - Time Play
Normal Forward
1 - 33% - 36% - 17:28
2 - 31% - 33% - 16:15
3 - 22% - 24% - 11:33
4 - 14% - 7% - 7:09
Normal Defense
1 - 35% - 40% - 18:13
2 - 36% - 35% - 18:38
3 - 30% - 25% - 15:34
4 - 0% - 0% - 0:00
PP Forward
1 - 54% - 60% - 2:08
2 - 46% - 40% - 1:50
PP Defense
1 - 81% - 60% - 3:12
2 - 19% - 40% - 0:46
PK Forward
1 - 63% - 55% - 2:17
2 - 37% - 45% - 1:20
PK Defense
1 - 53% - 55% - 1:54
2 - 47% - 45% - 1:43
PK3 Forward
1 - 0% - 55%
2 - 0% - 45%
PK3 Defense
1 - 0% - 55%
2 - 0% - 45%
44 Forward
1 - 0% - 52%
2 - 0% - 48%
44 Defense
1 - 0% - 52%
2 - 0% - 48%
Last Minute Offensive  - 0:00
Last Minute Defensive  - 0:00
Total
Forward - 60:00
Defense - 60:00

% Time on Ice - COLORADO GLACIERCATS

Lines # - Real PCT - Wanted PCT - Time Play
Normal Forward
1 - 32% - 34% - 16:43
2 - 30% - 33% - 15:41
3 - 24% - 28% - 12:41
4 - 14% - 5% - 7:20
Normal Defense
1 - 33% - 34% - 17:31
2 - 33% - 34% - 17:09
3 - 32% - 29% - 17:00
4 - 1% - 3% - 0:45
PP Forward
1 - 58% - 55% - 2:05
2 - 42% - 45% - 1:32
PP Defense
1 - 64% - 60% - 2:19
2 - 36% - 40% - 1:18
PK Forward
1 - 42% - 50% - 1:41
2 - 58% - 50% - 2:17
PK Defense
1 - 42% - 50% - 1:41
2 - 58% - 50% - 2:17
PK3 Forward
1 - 0% - 50%
2 - 0% - 50%
PK3 Defense
1 - 0% - 50%
2 - 0% - 50%
44 Forward
1 - 0% - 50%
2 - 0% - 50%
44 Defense
1 - 0% - 45%
2 - 0% - 55%
Last Minute Offensive  - 0:00
Last Minute Defensive  - 0:00
Total
Forward - 60:00
Defense - 60:00

Play-by-Play

1st period


0:01 of 1st period - Anze Kopitar wins face-off versus Tomas Hertl in neutral zone.
0:03 of 1st period - Kyle Connor is hit by Devon Toews and loses puck.
1:03 of 1st period - Mario Ferraro is hit by Johan Larsson and loses puck.
1:08 of 1st period - Shot by Johan Larsson.
1:08 of 1st period - Stopped by Marc-Andre Fleury without a rebound.
1:09 of 1st period - Adam Lowry wins face-off versus Brayden Schenn in COLORADO GLACIERCATS zone.
1:32 of 1st period - Shot by Alex Newhook.
1:32 of 1st period - Shot Misses the Net.
2:53 of 1st period - Shot by Barclay Goodrow.
2:53 of 1st period - Shot Misses the Net.
3:04 of 1st period - Off-side.
3:05 of 1st period - Tyson Jost wins face-off versus Anze Kopitar in neutral zone.
3:28 of 1st period - Shot by Devon Toews.
3:28 of 1st period - Stopped by Mike Smith without a rebound.
3:29 of 1st period - Kevin Rooney wins face-off versus Blake Wheeler in VICTORIA GLADIATORS zone.
3:29 of 1st period - Kevin Rooney is hit by Alex Iafallo.
3:37 of 1st period - Shot by Victor Rask.
3:37 of 1st period - Shot Misses the Net.
4:20 of 1st period - Minor Penalty to Johan Larsson for Slashing.
4:21 of 1st period - Adam Lowry wins face-off versus Tomas Hertl in VICTORIA GLADIATORS zone.
4:21 of 1st period - Adam Lowry is hit by Sam Reinhart.
4:54 of 1st period - Shot by Sam Reinhart.
4:54 of 1st period - Stopped by Mike Smith without a rebound.
4:55 of 1st period - Brayden Schenn wins face-off versus Kevin Rooney in VICTORIA GLADIATORS zone.
5:12 of 1st period - Shot by Tage Thompson.
5:12 of 1st period - Deflect By Brayden Schenn.
5:12 of 1st period - Shot Misses the Net.
5:14 of 1st period - Shot by Mario Ferraro.
5:14 of 1st period - Stopped by Mike Smith without a rebound.
5:15 of 1st period - Tomas Hertl wins face-off versus Adam Lowry in VICTORIA GLADIATORS zone.
6:36 of 1st period - Off-side.
6:37 of 1st period - Barclay Goodrow wins face-off versus Kevin Hayes in neutral zone.
6:39 of 1st period - Colton Parayko is hit by Devon Toews and loses puck.
7:05 of 1st period - Shot by Johan Larsson.
7:05 of 1st period - Deflect By Tyler Toffoli.
7:05 of 1st period - Stopped by Marc-Andre Fleury without a rebound.
7:06 of 1st period - Anze Kopitar wins face-off versus Tomas Hertl in COLORADO GLACIERCATS zone.
7:06 of 1st period - Kyle Connor is hit by Luke Schenn and loses puck.
7:22 of 1st period - Icing by Kyle Connor.
7:23 of 1st period - Brayden Schenn wins face-off versus Anze Kopitar in VICTORIA GLADIATORS zone.
7:26 of 1st period - Shot by Blake Wheeler.
7:26 of 1st period - Shot Blocked by Patrik Nemeth.
7:28 of 1st period - Shot by Mario Ferraro.
7:28 of 1st period - Stopped by Mike Smith with a rebound.
7:32 of 1st period - Shot by Alex Iafallo.
7:32 of 1st period - Stopped by Mike Smith without a rebound.
7:33 of 1st period - Barclay Goodrow wins face-off versus Tomas Hertl in VICTORIA GLADIATORS zone.
7:37 of 1st period - Icing by Johan Larsson.
7:38 of 1st period - Tomas Hertl wins face-off versus Barclay Goodrow in VICTORIA GLADIATORS zone.
7:45 of 1st period - Shot by Leon Draisaitl.
7:45 of 1st period - Goal by Leon Draisaitl - VICTORIA GLADIATORS : 0 - COLORADO GLACIERCATS : 1.
7:46 of 1st period - Tomas Hertl wins face-off versus Adam Lowry in neutral zone.
7:46 of 1st period - Tomas Hertl is hit by Adam Lowry.
8:13 of 1st period - Icing by Calvin De Haan.
8:14 of 1st period - Brayden Schenn wins face-off versus Adam Lowry in VICTORIA GLADIATORS zone.
8:14 of 1st period - Alex Iafallo is hit by Justin Holl.
8:42 of 1st period - Minor Penalty to Justin Holl for Interference.
8:43 of 1st period - Tomas Hertl wins face-off versus Kevin Rooney in VICTORIA GLADIATORS zone.
8:48 of 1st period - Shot by Devon Toews.
8:48 of 1st period - Shot Misses the Net.
8:50 of 1st period - Shot by Sam Reinhart.
8:50 of 1st period - Shot Blocked by Patrik Nemeth.
8:52 of 1st period - Shot by Devon Toews.
8:52 of 1st period - Goal by Devon Toews - VICTORIA GLADIATORS : 0 - COLORADO GLACIERCATS : 2.
8:53 of 1st period - Anze Kopitar wins face-off versus Kevin Hayes in neutral zone.
9:04 of 1st period - Shot by Kyle Connor.
9:04 of 1st period - Shot Misses the Net.
9:06 of 1st period - Shot by Kyle Connor.
9:06 of 1st period - Stopped by Marc-Andre Fleury with a rebound.
9:28 of 1st period - Shot by Kyle Connor.
9:28 of 1st period - Shot Misses the Net.
10:08 of 1st period - Icing by Devon Toews.
10:09 of 1st period - Tomas Hertl wins face-off versus Adam Lowry in COLORADO GLACIERCATS zone.
10:33 of 1st period - Kasperi Kapanen is hit by Leon Draisaitl and loses puck.
12:39 of 1st period - Shot by Kyle Connor.
12:39 of 1st period - Stopped by Marc-Andre Fleury without a rebound.
12:40 of 1st period - Tyson Jost wins face-off versus Kevin Rooney in COLORADO GLACIERCATS zone.
12:48 of 1st period - Icing by Patrik Nemeth.
12:49 of 1st period - Tomas Hertl wins face-off versus Kevin Rooney in VICTORIA GLADIATORS zone.
13:04 of 1st period - Shot by Sam Reinhart.
13:04 of 1st period - Shot Blocked by Kevin Rooney.
13:26 of 1st period - Shot by Sam Reinhart.
13:26 of 1st period - Shot Misses the Net.
13:28 of 1st period - Shot by Leon Draisaitl.
13:28 of 1st period - Stopped by Mike Smith without a rebound.
13:29 of 1st period - Kevin Hayes wins face-off versus Barclay Goodrow in VICTORIA GLADIATORS zone.
14:15 of 1st period - Jamie Benn is hit by Colton Parayko and loses puck.
14:36 of 1st period - Colton Parayko is hit by Brayden Schenn and loses puck.
14:43 of 1st period - Colton Parayko is hit by Brayden Schenn and loses puck.
15:12 of 1st period - Shot by Brayden Schenn.
15:12 of 1st period - Stopped by Mike Smith with a rebound.
15:14 of 1st period - Shot by Vladislav Gavrikov.
15:14 of 1st period - Shot Misses the Net.
15:55 of 1st period - Sam Reinhart is hit by Patrik Nemeth and loses puck.
17:27 of 1st period - Shot by Blake Wheeler.
17:27 of 1st period - Stopped by Mike Smith with a rebound.
17:29 of 1st period - Shot by Brayden Schenn.
17:29 of 1st period - Stopped by Mike Smith with a rebound.
17:31 of 1st period - Shot by Brayden Schenn.
17:31 of 1st period - Shot Blocked by Anze Kopitar.
17:33 of 1st period - Shot by Alex Iafallo.
17:33 of 1st period - Shot Misses the Net.
17:41 of 1st period - Shot by Brayden Schenn.
17:41 of 1st period - Shot Misses the Net.
17:48 of 1st period - Blake Wheeler is hit by Calvin De Haan and loses puck.
18:22 of 1st period - Shot by Tomas Hertl.
18:22 of 1st period - Stopped by Mike Smith without a rebound.
18:23 of 1st period - Tage Thompson wins face-off versus Barclay Goodrow in VICTORIA GLADIATORS zone.
18:56 of 1st period - Shot by Tyler Toffoli.
18:56 of 1st period - Shot Blocked by Luke Schenn.
18:58 of 1st period - Shot by Barclay Goodrow.
18:58 of 1st period - Deflect By Johan Larsson.
18:58 of 1st period - Stopped by Marc-Andre Fleury with a rebound.
19:41 of 1st period - Shot by Leon Draisaitl.
19:41 of 1st period - Stopped by Mike Smith without a rebound.
19:42 of 1st period - Alex Iafallo wins face-off versus Kevin Rooney in VICTORIA GLADIATORS zone.
Goals for this period are 0 for VICTORIA GLADIATORS vs 2 for COLORADO GLACIERCATS.
Shots for this period are 5 for VICTORIA GLADIATORS vs 13 for COLORADO GLACIERCATS.

2nd period


0:01 of 2nd period - Tomas Hertl wins face-off versus Barclay Goodrow in neutral zone.
0:05 of 2nd period - Minor Penalty to Leon Draisaitl for Tripping.
0:06 of 2nd period - Anze Kopitar wins face-off versus Brayden Schenn in COLORADO GLACIERCATS zone.
0:06 of 2nd period - Anze Kopitar is hit by Devon Toews.
0:46 of 2nd period - Shot by Tage Thompson.
0:46 of 2nd period - Goal by Tage Thompson - VICTORIA GLADIATORS : 0 - COLORADO GLACIERCATS : 3.
0:47 of 2nd period - Barclay Goodrow wins face-off versus Kevin Hayes in neutral zone.
1:00 of 2nd period - Shot by Kasperi Kapanen.
1:00 of 2nd period - Shot Misses the Net.
1:28 of 2nd period - Shot by Alex Newhook.
1:28 of 2nd period - Shot Blocked by Vladislav Gavrikov.
2:10 of 2nd period - Shot by Nils Hoglander.
2:10 of 2nd period - Stopped by Marc-Andre Fleury without a rebound.
2:11 of 2nd period - Tomas Hertl wins face-off versus Kevin Rooney in COLORADO GLACIERCATS zone.
2:11 of 2nd period - Leon Draisaitl is hit by Kevin Rooney and loses puck.
2:44 of 2nd period - Icing by Jamie Drysdale.
2:45 of 2nd period - Victor Rask wins face-off versus Brayden Schenn in VICTORIA GLADIATORS zone.
3:42 of 2nd period - Shot by Kyle Connor.
3:42 of 2nd period - Stopped by Marc-Andre Fleury with a rebound.
3:45 of 2nd period - Icing by Vladislav Gavrikov.
3:46 of 2nd period - Barclay Goodrow wins face-off versus Brayden Schenn in COLORADO GLACIERCATS zone.
5:00 of 2nd period - Shot by Adam Lowry.
5:00 of 2nd period - Shot Misses the Net.
5:43 of 2nd period - Shot by Anze Kopitar.
5:43 of 2nd period - Stopped by Marc-Andre Fleury without a rebound.
5:44 of 2nd period - Kevin Hayes wins face-off versus Kevin Rooney in COLORADO GLACIERCATS zone.
6:15 of 2nd period - Luke Schenn is hit by Nils Hoglander and loses puck.
6:31 of 2nd period - Off-side.
6:32 of 2nd period - Barclay Goodrow wins face-off versus Tyson Jost in neutral zone.
7:45 of 2nd period - Icing by Patrik Nemeth.
7:46 of 2nd period - Anze Kopitar wins face-off versus Kevin Hayes in VICTORIA GLADIATORS zone.
8:05 of 2nd period - Shot by Jamie Benn.
8:05 of 2nd period - Shot Blocked by Patrik Nemeth.
8:29 of 2nd period - Shot by Tage Thompson.
8:29 of 2nd period - Shot Blocked by Patrik Nemeth.
8:35 of 2nd period - Shot by Jamie Benn.
8:35 of 2nd period - Stopped by Mike Smith without a rebound.
8:36 of 2nd period - Barclay Goodrow wins face-off versus Tomas Hertl in VICTORIA GLADIATORS zone.
9:02 of 2nd period - Shot by Tomas Hertl.
9:02 of 2nd period - Shot Misses the Net.
9:04 of 2nd period - Shot by Sam Reinhart.
9:04 of 2nd period - Stopped by Mike Smith with a rebound.
9:06 of 2nd period - Shot by Leon Draisaitl.
9:06 of 2nd period - Shot Misses the Net.
9:21 of 2nd period - Minor Penalty to Calvin De Haan for Roughing.
9:22 of 2nd period - Brayden Schenn wins face-off versus Kevin Rooney in VICTORIA GLADIATORS zone.
10:26 of 2nd period - Shot by Sam Reinhart.
10:26 of 2nd period - Goal by Sam Reinhart - VICTORIA GLADIATORS : 0 - COLORADO GLACIERCATS : 4.
10:26 of 2nd period - Charlie Lindgren enters game.
10:27 of 2nd period - Anze Kopitar wins face-off versus Tyson Jost in neutral zone.
10:31 of 2nd period - Shot by Anze Kopitar.
10:31 of 2nd period - Stopped by Marc-Andre Fleury with a rebound.
11:01 of 2nd period - Luke Schenn is hit by Connor Brown.
11:22 of 2nd period - Icing by Ilya Lyubushkin.
11:23 of 2nd period - Adam Lowry wins face-off versus Tyson Jost in COLORADO GLACIERCATS zone.
12:43 of 2nd period - Shot by Tyler Toffoli.
12:43 of 2nd period - Stopped by Marc-Andre Fleury with a rebound.
12:48 of 2nd period - Icing by Devon Toews.
12:49 of 2nd period - Brayden Schenn wins face-off versus Anze Kopitar in COLORADO GLACIERCATS zone.
12:49 of 2nd period - Brayden Schenn is hit by Anze Kopitar.
13:13 of 2nd period - Shot by Sam Reinhart.
13:13 of 2nd period - Shot Misses the Net.
14:39 of 2nd period - Shot by Tyler Toffoli.
14:39 of 2nd period - Deflect By Barclay Goodrow.
14:39 of 2nd period - Shot Blocked by Devon Toews.
14:41 of 2nd period - Shot by Barclay Goodrow.
14:41 of 2nd period - Shot Blocked by Mario Ferraro.
14:43 of 2nd period - Shot by Johan Larsson.
14:43 of 2nd period - Stopped by Marc-Andre Fleury without a rebound.
14:44 of 2nd period - Adam Lowry wins face-off versus Brayden Schenn in COLORADO GLACIERCATS zone.
15:12 of 2nd period - Shot by Alex Newhook.
15:12 of 2nd period - Deflect By Kasperi Kapanen.
15:12 of 2nd period - Stopped by Marc-Andre Fleury without a rebound.
15:13 of 2nd period - Tomas Hertl wins face-off versus Kevin Rooney in COLORADO GLACIERCATS zone.
15:29 of 2nd period - Icing by Justin Holl.
15:30 of 2nd period - Kevin Rooney wins face-off versus Alex Iafallo in VICTORIA GLADIATORS zone.
15:30 of 2nd period - Kevin Rooney is hit by Blake Wheeler.
16:00 of 2nd period - Nils Hoglander is hit by Kristopher Letang and loses puck.
16:17 of 2nd period - Colton Parayko is hit by Blake Wheeler and loses puck.
16:37 of 2nd period - Shot by Tyler Toffoli.
16:37 of 2nd period - Stopped by Marc-Andre Fleury without a rebound.
16:38 of 2nd period - Tomas Hertl wins face-off versus Connor Brown in COLORADO GLACIERCATS zone.
16:38 of 2nd period - Tomas Hertl is hit by Patrik Nemeth.
18:31 of 2nd period - Icing by Vladislav Gavrikov.
18:32 of 2nd period - Matthew Highmore wins face-off versus Johan Larsson in COLORADO GLACIERCATS zone.
18:52 of 2nd period - Shot by Tyler Toffoli.
18:52 of 2nd period - Shot Misses the Net.
19:06 of 2nd period - Shot by Barclay Goodrow.
19:06 of 2nd period - Stopped by Marc-Andre Fleury with a rebound.
Goals for this period are 0 for VICTORIA GLADIATORS vs 2 for COLORADO GLACIERCATS.
Shots for this period are 9 for VICTORIA GLADIATORS vs 4 for COLORADO GLACIERCATS.

3rd period


0:01 of 3rd period - Kevin Hayes wins face-off versus Barclay Goodrow in neutral zone.
0:58 of 3rd period - Vladislav Gavrikov is hit by Barclay Goodrow and loses puck.
1:10 of 3rd period - Icing by Alex Iafallo.
1:11 of 3rd period - Anze Kopitar wins face-off versus Brayden Schenn in COLORADO GLACIERCATS zone.
1:26 of 3rd period - Shot by Kyle Connor.
1:26 of 3rd period - Shot Misses the Net.
1:28 of 3rd period - Shot by Anze Kopitar.
1:28 of 3rd period - Shot Blocked by Vladislav Gavrikov.
1:30 of 3rd period - Shot by Kyle Connor.
1:30 of 3rd period - Shot Misses the Net.
1:32 of 3rd period - Shot by Anze Kopitar.
1:32 of 3rd period - Shot Misses the Net.
1:34 of 3rd period - Shot by Connor Brown.
1:34 of 3rd period - Goal by Connor Brown - VICTORIA GLADIATORS : 1 - COLORADO GLACIERCATS : 4.
1:35 of 3rd period - Tomas Hertl wins face-off versus Adam Lowry in neutral zone.
1:35 of 3rd period - Tomas Hertl is hit by Kasperi Kapanen.
1:39 of 3rd period - Adam Lowry is hit by Luke Schenn and loses puck.
2:09 of 3rd period - Off-side.
2:10 of 3rd period - Brayden Schenn wins face-off versus Anze Kopitar in neutral zone.
2:13 of 3rd period - Anze Kopitar is hit by Blake Wheeler.
2:19 of 3rd period - Shot by Kyle Connor.
2:19 of 3rd period - Shot Blocked by Mario Ferraro.
2:25 of 3rd period - Calvin De Haan is hit by Brayden Schenn and loses puck.
3:07 of 3rd period - Icing by Justin Holl.
3:08 of 3rd period - Anze Kopitar wins face-off versus Tomas Hertl in VICTORIA GLADIATORS zone.
3:08 of 3rd period - Kyle Connor is hit by Tomas Hertl and loses puck.
3:42 of 3rd period - Shot by Leon Draisaitl.
3:42 of 3rd period - Shot Misses the Net.
4:05 of 3rd period - Minor Penalty to Jamie Benn for Hooking.
4:06 of 3rd period - Barclay Goodrow wins face-off versus Kevin Hayes in COLORADO GLACIERCATS zone.
4:39 of 3rd period - Shot by Tyler Toffoli.
4:39 of 3rd period - Shot Misses the Net.
4:41 of 3rd period - Shot by Colton Parayko.
4:41 of 3rd period - Shot Misses the Net.
5:22 of 3rd period - Shot by Anton Stralman.
5:22 of 3rd period - Shot Misses the Net.
6:20 of 3rd period - Shot by Victor Rask.
6:20 of 3rd period - Stopped by Marc-Andre Fleury without a rebound.
6:21 of 3rd period - Brayden Schenn wins face-off versus Kevin Rooney in COLORADO GLACIERCATS zone.
7:21 of 3rd period - Icing by Alex Iafallo.
7:22 of 3rd period - Brayden Schenn wins face-off versus Alex Newhook in COLORADO GLACIERCATS zone.
7:39 of 3rd period - Shot by Adam Lowry.
7:39 of 3rd period - Stopped by Marc-Andre Fleury without a rebound.
7:40 of 3rd period - Barclay Goodrow wins face-off versus Kevin Hayes in COLORADO GLACIERCATS zone.
7:43 of 3rd period - Shot by Tyler Toffoli.
7:43 of 3rd period - Deflect By Barclay Goodrow.
7:43 of 3rd period - Shot Misses the Net.
7:45 of 3rd period - Shot by Tyler Toffoli.
7:45 of 3rd period - Shot Blocked by Devon Toews.
8:44 of 3rd period - Icing by Adam Lowry.
8:45 of 3rd period - Adam Lowry wins face-off versus Tomas Hertl in VICTORIA GLADIATORS zone.
8:45 of 3rd period - Adam Lowry is hit by Leon Draisaitl.
9:02 of 3rd period - Minor Penalty to Justin Holl for High sticking.
9:03 of 3rd period - Tomas Hertl wins face-off versus Adam Lowry in VICTORIA GLADIATORS zone.
9:25 of 3rd period - Shot by Devon Toews.
9:25 of 3rd period - Goal by Devon Toews - VICTORIA GLADIATORS : 1 - COLORADO GLACIERCATS : 5.
9:26 of 3rd period - Anze Kopitar wins face-off versus Brayden Schenn in neutral zone.
10:14 of 3rd period - Shot by Kyle Connor.
10:14 of 3rd period - Stopped by Marc-Andre Fleury without a rebound.
10:15 of 3rd period - Tomas Hertl wins face-off versus Adam Lowry in COLORADO GLACIERCATS zone.
12:12 of 3rd period - Icing by Jamie Benn.
12:13 of 3rd period - Kevin Hayes wins face-off versus Barclay Goodrow in COLORADO GLACIERCATS zone.
12:40 of 3rd period - Luke Schenn is hit by Barclay Goodrow and loses puck.
12:49 of 3rd period - Colton Parayko is hit by Blake Wheeler and loses puck.
13:34 of 3rd period - Icing by Leon Draisaitl.
13:35 of 3rd period - Tomas Hertl wins face-off versus Anze Kopitar in COLORADO GLACIERCATS zone.
13:52 of 3rd period - Vladislav Gavrikov is hit by Anze Kopitar and loses puck.
13:58 of 3rd period - Icing by Kristopher Letang.
13:59 of 3rd period - Kevin Rooney wins face-off versus Tomas Hertl in COLORADO GLACIERCATS zone.
14:00 of 3rd period - Shot by Victor Rask.
14:00 of 3rd period - Shot Blocked by Kristopher Letang.
14:29 of 3rd period - Icing by Jamie Drysdale.
14:30 of 3rd period - Kevin Hayes wins face-off versus Kevin Rooney in VICTORIA GLADIATORS zone.
14:37 of 3rd period - Shot by Tage Thompson.
14:37 of 3rd period - Shot Misses the Net.
14:45 of 3rd period - Shot by Devon Toews.
14:45 of 3rd period - Stopped by Charlie Lindgren without a rebound.
14:46 of 3rd period - Brayden Schenn wins face-off versus Anze Kopitar in VICTORIA GLADIATORS zone.
15:23 of 3rd period - Shot by Kyle Connor.
15:23 of 3rd period - Stopped by Marc-Andre Fleury with a rebound.
16:03 of 3rd period - Shot by Leon Draisaitl.
16:03 of 3rd period - Shot Hit the Post.
16:08 of 3rd period - Shot by Leon Draisaitl.
16:08 of 3rd period - Shot Blocked by Justin Holl.
16:10 of 3rd period - Shot by Leon Draisaitl.
16:10 of 3rd period - Stopped by Charlie Lindgren with a rebound.
16:31 of 3rd period - Shot by Tomas Hertl.
16:31 of 3rd period - Stopped by Charlie Lindgren with a rebound.
17:30 of 3rd period - Shot by Kevin Hayes.
17:30 of 3rd period - Shot Blocked by Calvin De Haan.
18:04 of 3rd period - Shot by Matthew Highmore.
18:04 of 3rd period - Shot Blocked by Anton Stralman.
18:24 of 3rd period - Shot by Connor Brown.
18:24 of 3rd period - Shot Misses the Net.
18:57 of 3rd period - Tyson Jost is hit by Adam Lowry and loses puck.
19:25 of 3rd period - Shot by Kasperi Kapanen.
19:25 of 3rd period - Shot Misses the Net.
Goals for this period are 1 for VICTORIA GLADIATORS vs 1 for COLORADO GLACIERCATS.
Shots for this period are 5 for VICTORIA GLADIATORS vs 4 for COLORADO GLACIERCATS.


JOHNNY
GAUDREAU
MATTHEW
BOLDY
OWEN
TIPPETT

EAST COAST

HOCKEY LEAGUE

  • 29.PIT6MAN7
  • 30.ATL6NHW2
  • 31.WOR4PET3
  • 32.3RHI4
  • 33.CHIQUE
  • 34.LIMCHA
  • 35.LONTRV
  • 36.BALCHW